 Dungeon Crawl Stone Soup version 0.26.1-11-gd32895ea62 (webtiles) character file.

Game seed: 938614730947438541

235 vvl the Ruffian (level 5, 0/42 HPs)
             Began as a Draconian Transmuter on July 5, 2021.
             Killed from afar by an orc wizard (5 damage)
             ... with a magic dart
             ... on level 4 of the Dungeon.
             The game lasted 00:06:49 (3705 turns).

vvl the Ruffian (Draconian Transmuter)              Turns: 3705, Time: 00:06:50

Health: 0/42       AC:  5    Str: 13    XL:     5   Next: 76%
Magic:  9/9        EV: 12    Int: 14    God:
Gold:   139        SH:  0    Dex: 11    Spells: 8/9 levels left

rFire    . . .     SeeInvis +   n - +0 short sword
rCold    . . .     Faith    .   (no shield)
rNeg     . . .     Spirit   .   (armour unavailable)
rPois    .         Reflect  .   (helmet restricted)
rElec    .         Harm     .   (no cloak)
rCorr    .         Rampage  .   (no gloves)
Will     .....                  (no boots)
Stlth    +.........             p - amulet of regeneration
HPRegen  0.54/turn              f - ring of see invisible
MPRegen  0.11/turn              (no ring)

@: no status effects
A: unfitting armour, cold-blooded, AC +5
a: no special abilities


You were on level 4 of the Dungeon.
You visited 1 branch of the dungeon, and saw 4 of its levels.

You collected 139 gold pieces.

Inventory:

Hand Weapons
 n - a +0 short sword (weapon)
Magical Staves
 o - an uncursed staff of cold
Jewellery
 f - a ring of see invisible (left hand)
 p - an amulet of regeneration (around neck)
Scrolls
 b - 4 scrolls of fog {unknown}
 c - a scroll of immolation {unknown}
 e - 6 scrolls of identify {unknown}
 i - a scroll of magic mapping {unknown}
 j - 2 scrolls of teleportation {unknown}
 k - a scroll of amnesia {unknown}
 m - a scroll of blinking {unknown}
 q - a scroll of random uselessness {unknown}
Potions
 a - a potion of curing {unknown}
 d - 2 potions of brilliance
 g - a potion of mutation {unknown}
 h - a potion of haste {unknown}
 l - a potion of heal wounds
 r - 2 potions of degeneration {unknown}
 s - a potion of berserk rage {unknown}


   Skills:
 + Level 2.4 Fighting
 + Level 2.5 Dodging
 * Level 4.2 Unarmed Combat
 + Level 2.9 Spellcasting
 * Level 3.6 Transmutations


You had 8 spell levels left.
You knew the following spells:

 Your Spells              Type           Power        Failure   Level
a - Beastly Appendage     Tmut           24%          4%          1

Your spell library contained the following spells:

 Spells                   Type           Power        Failure   Level
 Wereblood                Tmut           12%          8%          2
 Spider Form              Tmut/Pois      3%           30%         3
 Ice Form                 Ice/Tmut       7%           71%         4
 Blade Hands              Tmut           6%           80%         5


Dungeon Overview and Level Annotations

Branches:
Dungeon (4/15)
 Temple: D:4-7

Altars:
Ashenzari


Innate Abilities, Weirdness & Mutations

Your plain brown scales are hard. (AC +5)
You cannot fit into any form of body armour.
You are cold-blooded and may be slowed by cold attacks.


Message History

The orc priest hits you but does no damage.
The orc wizard hits you but does no damage.
The orc hits you.
You barely miss the orc priest. You headbutt the orc priest.
You kill the orc priest!
The orc wizard hits you with a +0 dagger.
The orc closely misses you.
The orc wizard looks encouraged for a moment.
The gnoll hits you.
Your horns disappear.
Your talons disappear.
The orc wizard begins to cast a cantrip, but forgets the words!
The orc wizard gestures at you while chanting.
The puff of flame hits you!
* * * LOW HITPOINT WARNING * * *
The orc wizard gestures at you while chanting.
The puff of flame hits you.
* * * LOW HITPOINT WARNING * * *
The orc wizard casts a spell at you. The magic dart hits you.
You die...

#.......##..###
.........#...##
..............#
#.............## .
.........##..#
.##.........####
:.. ...#.#......#
..###...#......# #
###.....##...@<#
#.#...#...##..#.##
......###go...###
.. .....##.#...###
....##o.#o.#.....#
#..).....##...##
..........#######
......#....#
......###.##


You could see an orc wizard, a gnoll (strong) and an orc.

Vanquished Creatures
  2 orc priests
  Natasha (thrice) (D:3)
  A gnoll (D:3)
  2 adders (D:2)
  A worm (D:3)
  3 dart slugs (D:1)
  2 orcs (D:3)
  9 bats
  6 giant cockroaches
  9 goblins
  6 hobgoblins
  2 jackals (D:3)
  4 kobolds
  A quokka (D:3)
  A ball python (D:2)
  A frilled lizard (D:3)
  7 rats
60 creatures vanquished.

Vanquished Creatures (others)
  6 plants (D:3)
6 creatures vanquished.

Grand Total: 66 creatures vanquished

Notes
Turn   | Place    | Note
-------+----------+-------------------------------------------
     0 | D:1      | vvl the Draconian Transmuter began the quest for the Orb.
     0 | D:1      | Reached XP level 1. HP: 16/16 MP: 3/3
   283 | D:1      | Reached XP level 2. HP: 23/23 MP: 5/5
  1350 | D:1      | Reached XP level 3. HP: 26/28 MP: 6/6
  2136 | D:2      | Found a broken altar of Ashenzari.
  2695 | D:3      | Reached XP level 4. HP: 26/36 MP: 7/7
  2963 | D:3      | Noticed Natasha
  2974 | D:3      | Killed Natasha
  3227 | D:3      | Reached XP level 5. HP: 24/41 MP: 7/9
  3312 | D:3      | Noticed Natasha
  3323 | D:3      | Killed Natasha
  3324 | D:3      | Reached skill level 4 in Unarmed Combat
  3499 | D:3      | Noticed Natasha
  3505 | D:3      | Killed Natasha
  3705 | D:4      | Killed from afar by an orc wizard

Illustrated notes

Levels and vault maps discovered:
D:1:      psy_arrival_radial02, layout_basic, st_stairs_12, minmay_pentomino_s4
D:2:      layout_loops_cross, ashenzari_conservatory_becter,
          minmay_tree_intersection
D:3:      layout_basic, serial_bayou_lake_a, uniq_natasha
D:4:      layout_cave_pools, minmay_temple_entry_slanted, dk_noncrumbling_2

Skill      XL: |  1  2  3  4  5 |
---------------+----------------+-----
Dodging        | 2 |  2.5
Transmutations | 3 |  3.6
Fighting       | 2 |  2.4
Unarmed Combat | 4 |  4.2
Spellcasting   | |  2.9

Action                   |  1- 3 |  4- 6 || total
-------------------------+-------+-------++-------
Melee: Unarmed           |    47 |       ||    47
       Tailslap          |    14 |     9 ||    23
       Punch             |     5 |     1 ||     6
       Dagger            |    93 |       ||    93
       Short sword       |    14 |    87 ||   101
       Headbutt          |     4 |     9 ||    13
       Kick              |     2 |    12 ||    14
 Cast: Beastly Appendage |     3 |     9 ||    12
  Use: Potion            |     2 |       ||     2
Armor: Skin              |    54 |    24 ||    78
Dodge: Dodged            |   113 |    62 ||   175
